AoeStats
← アヒル | patodin

Arabia

504636165Analyzed
3v3 RM · 26d ago on Sep 6, 2026· 60m 7s· 6 players
Game mode
Random Map
Map size
Normal (6 player)
Population
200
Speed
Normal
Resources
Standard
Victory
Conquest
Starting age
Dark Age
Ending age
Imperial Age
RankedLock teamsTeams togetherTeam positionsShared explorationLock speedFull tech treeHidden civsTurbo modeCheats
Victory
Defeat
1123
+14
🇨🇴 Malians · Colombia
1118
+14
🇨🇴 Goths · Colombia
1080
+16
🇦🇷 Cumans · Argentina
1095
-15
🇦🇷 Bulgarians · Argentina
1087
-15
🇦🇷 Poles · Argentina
1062
-14
PapiAriete
2:21 Loom
12:21 Feudal Age
12:50 Double-Bit Axe
25:11 Castle Age
23:22 Horse Collar
23:35 Gold Mining
24:47 Bloodlines
24:53 Forging
25:48 Bloodlines
27:13 Gold Shaft Mining
26:39 Heavy Plow
26:59 Bow Saw
27:52 Wheelbarrow
28:51 Hand Cart
28:24 Town Watch
29:04 Scale Barding Armor
30:09 Iron Casting
32:00 Steppe Husbandry
32:53 Chain Barding Armor
35:53 Arson
39:56 Imperial Age
40:03 Masonry
41:00 Conscription
40:02 Elite Steppe Lancer
41:46 Blast Furnace
41:31 Plate Barding Armor
41:59 Crop Rotation
49:33 Hoardings
51:57 Fletching
52:09 Padded Archer Armor
52:09 Capped Ram
52:38 Capped Ram
54:33 Town Patrol
54:36 Bodkin Arrow
55:34 Hoardings
56:19 Siege Ram
57:44 Leather Archer Armor
DimitriRussia
2:28 Loom
10:11 Feudal Age
19:31 Double-Bit Axe
19:27 Horse Collar
22:19 Padded Archer Armor
22:10 Fletching
22:21 Scale Mail Armor
23:35 Forging
28:24 Castle Age
27:17 Stone Mining
27:48 Scale Barding Armor
29:34 Chain Barding Armor
29:50 Iron Casting
29:32 Heavy Plow
29:50 Bow Saw
30:55 Gold Mining
42:06 Bodkin Arrow
47:10 Imperial Age
47:03 Ballistics
46:41 Murder Holes
48:06 Gold Shaft Mining
47:47 Elite Konnik
49:18 Plate Barding Armor
50:03 Blast Furnace
52:08 Conscription
51:52 Stirrups
54:24 Crop Rotation
59:10 Bracer
agusslunn
10:46 Feudal Age
15:54 Castle Age
14:44 Double-Bit Axe
16:58 Loom
22:26 Horse Collar
24:58 Stone Mining
27:38 Scale Barding Armor
28:21 Bloodlines
30:23 Wheelbarrow
36:57 Hand Cart
36:47 Heavy Plow
36:49 Scale Mail Armor
45:09 Imperial Age
46:01 Bow Saw
45:17 Light Cavalry
47:14 Winged Hussar
48:21 Conscription
49:32 Forging
50:03 Lechitic Legacy
56:53 Town Watch
58:54 Crop Rotation
アヒル | oo Valhalla
5:49 Loom
8:33 Feudal Age
9:15 Double-Bit Axe
11:43 Forging
12:12 Horse Collar
14:15 Scale Barding Armor
17:06 Gold Mining
21:08 Castle Age
19:43 Bloodlines
22:33 Husbandry
23:07 Fervor
24:26 Town Watch
25:17 Wheelbarrow
30:33 Town Patrol
33:24 Stone Mining
33:59 Heavy Plow
36:40 Imperial Age
34:31 Hand Cart
34:04 Treadmill Crane
35:31 Stone Shaft Mining
36:12 Ballistics
35:47 Murder Holes
36:14 Ballistics
36:47 Cavalier
37:48 Chain Barding Armor
38:04 Iron Casting
38:20 Conscription
37:52 Fletching
39:18 Iron Casting
39:57 Chemistry
39:09 Bow Saw
39:35 Crop Rotation
41:18 Plate Barding Armor
40:38 Bodkin Arrow
40:45 Padded Archer Armor
40:46 Scale Mail Armor
41:24 Hoardings
40:50 Tower Shields
40:37 Pikeman
41:18 Squires
41:04 Arson
41:24 Devotion
44:22 Hill Forts
44:15 Guard Tower
44:37 Masonry
44:37 Fortified Wall
45:37 Two-Man Saw
44:05 Halberdier
45:07 Paladin
46:39 Crossbowman
46:40 Elite Skirmisher
46:40 Heavy Cavalry Archer
47:26 Thumb Ring
47:02 Light Cavalry
47:04 Man-at-Arms
47:16 Elite Leitis
48:35 Architecture
49:55 Keep
52:12 Bracer
52:29 Leather Archer Armor
54:16 Bombard Tower
53:30 Long Swordsman
56:27 Sanctity
56:17 Redemption
56:28 Faith
56:23 Block Printing
56:35 Illumination
56:10 Atonement
56:06 Herbal Medicine
56:46 Theocracy
56:32 Heresy
56:06 Heated Shot
56:27 Clinker Construction
56:27 Careening
56:21 Caravan
56:52 Coinage
56:32 Guilds
56:18 Winged Hussar
56:20 Two-Handed Swordsman
59:38 Champion
60:44 Dry Dock
60:44 Carvel Hull
60:57 Banking
61:04 Ring Archer Armor
60:50 Chain Mail Armor
アヒル | patodin
10:50 Feudal Age
11:07 Loom
12:05 Double-Bit Axe
12:51 Horse Collar
13:26 Gold Mining
14:15 Scale Mail Armor
14:28 Man-at-Arms
16:39 Forging
19:19 Wheelbarrow
24:19 Castle Age
24:21 Long Swordsman
25:40 Iron Casting
25:23 Chain Mail Armor
25:25 Hand Cart
25:05 Stone Mining
25:27 Bow Saw
25:20 Heavy Plow
27:26 Squires
30:24 Fletching
31:14 Pikeman
37:14 Imperial Age
38:13 Ballistics
37:49 Murder Holes
39:34 Two-Man Saw
39:08 Crop Rotation
39:29 Conscription
41:26 Onager
43:43 Blast Furnace
42:39 Bodkin Arrow
42:45 Padded Archer Armor
42:55 Perfusion
43:07 Town Watch
44:26 Chemistry
43:50 Anarchy
45:01 Halberdier
47:54 Elite Huskarl
49:18 Stone Shaft Mining
53:14 Town Patrol
53:17 Bracer
53:32 Leather Archer Armor
60:32 Scale Barding Armor
60:57 Ring Archer Armor
61:00 Coinage
60:40 Guilds
60:31 Caravan
59:54 Two-Handed Swordsman
60:10 Sappers
アヒル | Kairos
7:04 Loom
9:30 Feudal Age
9:58 Man-at-Arms
15:36 Fletching
19:36 Double-Bit Axe
21:35 Padded Archer Armor
27:52 Castle Age
26:08 Scale Barding Armor
27:19 Forging
27:22 Bloodlines
27:48 Horse Collar
29:32 Bow Saw
32:39 Iron Casting
36:29 Husbandry
36:51 Chain Barding Armor
36:26 Town Watch
48:28 Imperial Age
46:35 Wheelbarrow
49:20 Farimba
49:42 Conscription
50:00 Plate Barding Armor
49:07 Heavy Camel Rider
50:12 Pikeman
50:53 Squires
52:21 Light Cavalry
55:26 Capped Ram
Connection lost

Rejoining the realm…

Still unreachable

The connection could not be restored.

Session expired

The server has moved on; the page needs a fresh start.